 Dungeon Crawl Stone Soup version 0.31-a0-1118-gbca3d03946 (webtiles) character file.

Game seed: 13883312669659865176

56 gruber the Shooter (level 3, -7/30 HPs)
             Began as a Minotaur Hunter on Dec 4, 2023.
             Mangled by Sigmund
             ... wielding a +0 scythe
              (10 damage)
             ... on level 2 of the Dungeon.
             The game lasted 00:00:58 (950 turns).

gruber the Shooter (Minotaur Hunter)                 Turns: 950, Time: 00:00:58

Health: -7/30      AC:  3    Str: 15    XL:     3   Next: 69%
Magic:  2/2        EV: 12    Int:  6    God:
Gold:   65         SH:  0    Dex: 15    Spells: 2/2 levels left

rFire   . . .        a - +0 shortbow
rCold   + . .        (shield currently unavailable)
rNeg    . . .        c - +0 leather armour
rPois   .            (helmet restricted)
rElec   .            (no cloak)
rCorr   .            (no gloves)
SInv    .            (no boots)
Will    .....        (no amulet)
Stlth   +            h - ring of protection from cold
HPRegen 0.25/turn    (no ring)
MPRegen 0.08/turn

%: no passive effects
@: no status effects
A: horns 2, retaliatory headbutt
a: no special abilities


You were on level 2 of the Dungeon.
You visited 1 branch of the dungeon, and saw 2 of its levels.

You collected 65 gold pieces.

Inventory:

Hand Weapons
 a - a +0 shortbow (weapon)
Armour
 c - a +0 leather armour (worn)
Jewellery
 h - a ring of protection from cold (left hand)
Scrolls
 b - a scroll of butterflies
 d - a scroll of identify {unknown}
 e - a scroll of brand weapon {unknown}
 g - a scroll of silence {unknown}
Potions
 f - a potion of berserk rage {unknown}


   Skills:
 - Level 2.4 Fighting
 + Level 6.0 Ranged Weapons
 - Level 2.1 Dodging
 - Level 0.7 Stealth


You had 2 spell levels left.
You didn't know any spells.
Your spell library contained the following spells:

 Spells                   Type           Power      Damage    Failure   Level
 Sublimation of Blood     Necr           0%         N/A       67%         2
 Wereblood                Tmut           0%         N/A       67%         2
 Summon Hydra             Summ           0%         N/A       100%        7


Dungeon Overview and Level Annotations

Branches:
Dungeon (2/15)

Altars:

Annotations:
D:2 Sigmund


Innate Abilities, Weirdness & Mutations

You have a pair of horns on your head.
You reflexively headbutt those who attack you in melee.


Message History

A goblin comes into view. It is wielding a +0 dagger.
You shoot an arrow. The arrow hits the goblin!
You kill the goblin!
You now have 65 gold pieces (gained 12).
Found an escape hatch in the ceiling.
No target in view!
As you open the door, it creaks loudly!
Found a dagger.
No target in view!
Sigmund the Dreaded comes into view.
He is wielding a +0 scythe.
Found a glowing scarf.
Found a stone staircase leading down.
Sigmund shouts!
Sigmund casts a spell.
Sigmund flickers and vanishes!
Deactivating autopickup; reactivate with Ctrl-A.
No target in view!
There is a strange disturbance nearby!
No target in view!
There is a strange disturbance nearby!
No target in view!
There is a strange disturbance nearby!
No target in view!
Unknown command.
You shoot an arrow. You shoot an arrow.
A puff of flame appears from out of thin air!
The puff of flame hits you.
You shoot an arrow. You shoot an arrow. Something hits you.
You shoot an arrow. Something hits you.
You shoot an arrow. Something hits you.
You shoot an arrow. You shoot an arrow. Something hits you!
You shoot an arrow.
A magic dart appears from out of thin air!
The magic dart hits you!
* * * LOW HITPOINT WARNING * * *
You shoot an arrow. Something barely misses you.
You shoot an arrow. Something hits you!
You die...

#...............####.
#+###.#..............
......####....<...
.......# #........
.......#####........
...........'........
....#####........
...#####........
[......@........
................
.......{########
>#......# #.......
#...)... .........
..........


There were no monsters in sight!

Vanquished Creatures
  2 adders (D:2)
  A worm (D:2)
  4 ball pythons (D:1)
  An endoplasm (D:2)
  A giant cockroach (D:1)
  6 goblins
  5 hobgoblins (D:1)
  A quokka (D:1)
  6 bats
  A frilled lizard (D:1)
  6 kobolds
  A rat (D:2)
35 creatures vanquished.

Notes
Turn   | Place    | Note
-------+----------+-------------------------------------------
     0 | D:1      | gruber the Minotaur Hunter began the quest for the Orb.
     0 | D:1      | Reached XP level 1. HP: 18/18 MP: 0/0
   220 | D:1      | Reached XP level 2. HP: 25/25 MP: 1/1
   233 | D:1      | Reached skill level 5 in Ranged Weapons
   794 | D:2      | Reached XP level 3. HP: 30/30 MP: 2/2
   888 | D:2      | Reached skill level 6 in Ranged Weapons
   939 | D:2      | Noticed Sigmund
   950 | D:2      | Mangled by Sigmund

Illustrated notes

Levels and vault maps discovered:
D:1:      dpeg_arrival_concentric_ovals, layout_basic, palyth_stone_intersect
D:2:      layout_basic, uniq_jessica, uniq_sigmund, uniq_crazy_yiuf_cottage

Skill      XL: |  1  2  3 |
---------------+----------+-----
Ranged Weapons | 5 6 |  6.0
Fighting       | |  2.4
Dodging        | |  2.1
Stealth        | |  0.7

Action                     || total
---------------------------++-------
   Fire: Shortbow          ||    99
 Armour: Leather armour    ||    18
  Dodge: Dodged            ||    25

Table legend: (Time is in decaauts)
 A = Elapsed time spent in this place.
 B = Non-inter-level travel time spent in this place.
 C = Inter-level travel time spent in this place.
 D = Time resting spent in this place.
 E = Time spent auto-exploring this place.
 F = Levels seen in this place.
 G = Mean time per level.
                   A        B        C        D        E       F      G
               +--------+--------+--------+--------+--------+-----+--------+
         Total |    964 |    939 |     25 |      0 |    779 |   2 |  482.0 |
       Dungeon |    964 |    939 |     25 |      0 |    779 |   2 |  482.0 |
               +--------+--------+--------+--------+--------+-----+--------+

Top non-repeatable levels by time:
     D:1: 801 daAuts
     D:2: 163 daAuts
